AoeStats
← 风吹的味道

Arena

507371658Analyzed
4v4 RM · 16d ago on Sep 17, 2026· 49m 49s· 8 players
Game mode
Random Map
Map size
Large (8 player)
Population
200
Speed
Normal
Resources
Standard
Victory
Conquest
Starting age
Dark Age
Ending age
Imperial Age
RankedLock teamsTeams togetherTeam positionsShared explorationLock speedFull tech treeHidden civsTurbo modeCheats
Victory
Defeat
🇨🇳 Franks · China
1628
+7
🇯🇵 Britons · Japan
1492
+11
🇨🇳 Bohemians · China
1438
+14
🇨🇳 Aztecs · China
1033
+28
🇲🇽 Cumans · Mexico
1499
-19
🇲🇽 Turks · Mexico
1379
-15
🇺🇸 Armenians · United States
1371
-15
🇲🇽 Inca · Mexico
1277
-11
UxLiho
6:29 Loom
9:11 Feudal Age
9:50 Double-Bit Axe
10:20 Horse Collar
16:13 Wheelbarrow
20:28 Castle Age
18:52 Gold Mining
19:27 Fletching
19:50 Stone Mining
21:41 Bow Saw
23:31 Hand Cart
29:14 Imperial Age
26:54 Scale Barding Armor
27:54 Gold Shaft Mining
27:46 Forging
27:52 Masonry
28:55 Bloodlines
29:09 Heavy Plow
28:42 Capped Ram
29:25 Cavalier
31:05 Chain Barding Armor
30:10 Light Cavalry
32:09 Iron Casting
31:24 Paladin
32:34 Conscription
33:48 Plate Barding Armor
34:44 Blast Furnace
35:30 Bodkin Arrow
37:50 Hussar
41:29 Caravan
MORIS0202
11:04 Feudal Age
14:42 Castle Age
13:11 Double-Bit Axe
13:57 Horse Collar
17:09 Bow Saw
20:40 Wheelbarrow
22:08 Heavy Plow
25:28 Fletching
25:39 Padded Archer Armor
28:21 Imperial Age
26:10 Hand Cart
25:42 Loom
25:43 Town Watch
26:22 Ballistics
27:04 Bodkin Arrow
27:25 Leather Archer Armor
27:25 Gold Mining
27:25 Stone Mining
27:38 Crossbowman
28:33 Thumb Ring
29:08 Bracer
30:12 Chemistry
28:37 Arbalester
31:00 Ring Archer Armor
34:20 Champi Runner
35:02 Squires
35:20 Scale Mail Armor
35:30 Forging
36:00 Stone Shaft Mining
36:02 Gold Shaft Mining
35:21 Champi Warrior
36:06 Champi Warrior
38:13 Iron Casting
36:59 Elite Champi Warrior
38:51 Chain Mail Armor
39:33 Conscription
39:14 Fabric Shields
39:27 Arson
41:22 Capped Ram
41:50 Elite Skirmisher
46:13 Caravan
UxDora
11:48 Feudal Age
15:41 Castle Age
13:54 Double-Bit Axe
14:37 Horse Collar
15:13 Loom
16:44 Bow Saw
28:50 Wheelbarrow
30:14 Hand Cart
33:56 Imperial Age
31:50 Heavy Plow
32:33 Gold Mining
32:35 Stone Mining
33:54 Gold Shaft Mining
34:25 Padded Archer Armor
35:01 Conscription
39:54 Leather Archer Armor
41:12 Fletching
42:21 Bodkin Arrow
44:34 Masonry
45:03 Hoardings
Returned_Legend
9:12 Feudal Age
14:45 Castle Age
13:04 Horse Collar
15:27 Heavy Plow
15:15 Loom
16:50 Double-Bit Axe
21:03 Bow Saw
22:09 Wheelbarrow
21:43 Gold Mining
22:47 Stone Mining
24:41 Hand Cart
25:38 Gold Shaft Mining
29:28 Imperial Age
26:55 Fletching
27:06 Padded Archer Armor
27:29 Ballistics
28:26 Leather Archer Armor
28:07 Bodkin Arrow
29:20 Masonry
29:44 Murder Holes
29:36 Elite Composite Bowman
30:37 Conscription
30:52 Ring Archer Armor
31:57 Bracer
32:35 Caravan
37:49 Husbandry
38:01 Bloodlines
37:12 Light Cavalry
37:52 Capped Ram
37:53 Onager
39:32 Scale Barding Armor
39:39 Forging
41:07 Chain Barding Armor
41:23 Iron Casting
40:46 Pikeman
41:27 Squires
41:13 Gambesons
43:44 Blast Furnace
42:48 Halberdier
43:30 Scale Mail Armor
45:51 Hoardings
45:01 Sappers
47:09 Siege Ram
nono
10:36 Feudal Age
14:16 Castle Age
12:08 Double-Bit Axe
15:15 Bow Saw
21:21 Wheelbarrow
27:50 Imperial Age
25:06 Loom
25:07 Town Watch
26:24 Hand Cart
26:37 Scale Barding Armor
26:45 Gold Mining
27:40 Chain Barding Armor
28:14 Gold Shaft Mining
28:05 Forging
28:17 Husbandry
28:40 Chivalry
29:01 Conscription
28:03 Cavalier
29:28 Plate Barding Armor
29:31 Iron Casting
29:26 Paladin
30:22 Murder Holes
32:16 Blast Furnace
32:07 Light Cavalry
34:17 Stone Mining
34:59 Coinage
34:50 Siege Engineers
35:07 Ballistics
36:10 Chemistry
35:21 Masonry
35:44 Banking
35:55 Fletching
42:51 Fortified Wall
43:05 Caravan
43:17 Bodkin Arrow
43:54 Architecture
46:27 Arrowslits
晚辞
10:25 Feudal Age
14:08 Castle Age
12:18 Double-Bit Axe
12:50 Horse Collar
15:43 Bow Saw
17:15 Loom
19:03 Fervor
23:11 Wheelbarrow
22:21 Loom
27:54 Imperial Age
26:35 Chemistry
26:54 Hand Cart
26:24 Loom
26:25 Town Watch
27:14 Sanctity
27:01 Padded Archer Armor
27:02 Scale Mail Armor
27:41 Forging
28:56 Wagenburg Tactics
30:22 Conscription
31:04 Leather Archer Armor
31:04 Chain Mail Armor
31:04 Siege Engineers
30:40 Treadmill Crane
31:13 Heavy Plow
33:44 Houfnice
35:03 Murder Holes
36:48 Bombard Tower
41:46 Squires
41:06 Pikeman
43:09 Ring Archer Armor
44:04 Coinage
46:33 Banking
风吹的味道
10:22 Feudal Age
14:04 Castle Age
12:04 Double-Bit Axe
12:23 Horse Collar
15:06 Bow Saw
17:15 Fletching
19:54 Bodkin Arrow
20:54 Ballistics
21:09 Padded Archer Armor
24:19 Wheelbarrow
25:22 Stone Mining
26:01 Gold Mining
28:08 Hand Cart
29:47 Leather Archer Armor
30:48 Leather Archer Armor
34:49 Imperial Age
33:14 Treadmill Crane
34:04 Town Watch
34:05 Loom
34:54 Yeomen
35:00 Guard Tower
36:32 Chemistry
35:46 Bracer
36:42 Conscription
37:43 Ring Archer Armor
38:22 Keep
37:33 Arrowslits
38:03 Scale Mail Armor
38:19 Elite Longbowman
39:44 Forging
39:50 Chain Mail Armor
40:28 Masonry
40:04 Arrowslits
40:37 Pikeman
42:34 Squires
43:49 Warwolf
43:16 Halberdier
45:24 Plate Mail Armor
48:17 Arson
49:08 Iron Casting
49:24 Caravan
50:01 Guilds
50:05 Siege Engineers
51:01 Two-Man Saw
卢本伟
11:06 Feudal Age
12:23 Loom
15:05 Castle Age
13:50 Horse Collar
14:49 Double-Bit Axe
16:00 Heavy Plow
22:33 Wheelbarrow
24:29 Hand Cart
26:52 Gold Mining
30:04 Imperial Age
29:05 Fortified Wall
29:52 Gold Shaft Mining
29:41 Bow Saw
31:16 Conscription
30:40 Capped Ram
31:45 Elite Jaguar Warrior
33:03 Siege Ram
35:06 Crop Rotation
35:50 Atlatl
35:30 Elite Skirmisher
37:31 Fletching
38:16 Ballistics
38:57 Chemistry
39:45 Padded Archer Armor
39:41 Bodkin Arrow
39:48 Crossbowman
41:05 Leather Archer Armor
40:16 Arbalester
41:25 Siege Engineers
41:16 Murder Holes
42:55 Sanctity
42:43 Bracer
42:33 Treadmill Crane
44:32 Scale Mail Armor
44:43 Forging
47:27 Scale Mail Armor
47:37 Forging
47:35 Stone Mining
Connection lost

Rejoining the realm…

Still unreachable

The connection could not be restored.

Session expired

The server has moved on; the page needs a fresh start.